 Dungeon Crawl Stone Soup version bcrawl-1.15.1 (webtiles) character file.

Game seed: 17134887003467905702

38294 Chiseanne the Prestidigitator (level 13, -13/103 HPs)
             Began as a Mummy Archaeologist on Sept 28, 2019.
             Was an Initiate of Gozag.
             Mangled by a cane toad (14 damage)
             ... on level 4 of the Lair of Beasts.
             The game lasted 00:34:08 (15383 turns).

Chiseanne the Prestidigitator (MuAc)               Turns: 15383, Time: 00:34:09

Health: -13/103    AC: 27    Str: 15    XL:     13   Next: 63%
Magic:  22/22      EV: 15    Int: 14    God:    Gozag
Gold:   2111       SH:  0    Dex: 17    Spells: 12/12 levels left

rFire    . . .     SeeInvis +   a - +8 glaive of the Guard {elec, +Rage AC+5 SInv}
rCold    + + .     Gourm    .   (shield currently unavailable)
rNeg     + + +     Faith    .   v - +2 scale mail {rF+}
rPois    ∞         Spirit   .   B - +2 hat
rElec    .         Reflect  .   H - +0 cloak {rC+}
rCorr    .         Harm     .   E - +2 pair of gloves {archery}
MR       +....     Clarity  +   d - +1 pair of boots
Stlth    +.........             (no amulet)
HPRegen  0.27/turn              l - +4 ring of protection
MPRegen  0.18/turn              c - +3 ring of dexterity

@: gold aura, studying Fighting
A: no food or potions, fire vulnerability, clarity, cold resistance 1, negative
energy resistance 3, torment resistance, unbreathing, in touch with death 1
a: Potion Petition, Call Merchant, Bribe Branch, Renounce Religion


You were on level 4 of the Lair of Beasts.
You worshipped Gozag.
Gozag was most pleased with you.
You were not hungry.

You visited 3 branches of the dungeon, and saw 13 of its levels.
You also visited: Sewer and Ice Cave.

You collected 5259 gold pieces.
You spent 1294 gold pieces at shops.
You paid 1854 gold pieces to Gozag.

Inventory:

Hand Weapons
 a - the +8 glaive of the Guard (weapon) {elec, +Rage AC+5 SInv} Occasionally, upon striking a foe, it will discharge some electrical energy and cause terrible harm. It affects your AC (+5). It lets you see invisible. It lets you go berserk.
 s - a +6 scimitar of flaming
 I - a +0 blowgun
Missiles
 f - 287 bolts
 g - 1356 arrows
 n - 189 tomahawks (quivered)
 r - 416 sling bullets
 x - 54 exploding tomahawks
 y - 2 throwing nets {!f}
 J - 16 curare-tipped needles
 K - 135 javelins
Armour
 d - a +1 pair of boots (worn)
 v - a +2 scale mail of fire resistance (worn)
 B - a +2 hat (worn)
 E - a +2 pair of gloves of archery (worn)
 H - a +0 cloak of cold resistance (worn)
Magical Staves
 A - an uncursed staff of conjuration
Jewellery
 c - a +3 ring of dexterity (right hand)
 l - a +4 ring of protection (left hand)
 m - an uncursed ring of poison resistance {unknown}
 L - an uncursed ring of ice
Wands
 e - a wand of flame (36)
 h - a wand of polymorph (6)
 t - a wand of acid (2)
 D - a wand of digging (6)
 G - a wand of random effects (2)
 N - a wand of iceblast (9)
 O - a wand of disintegration (26)
Scrolls
 b - a scroll of amnesia
 i - 6 scrolls of identify
 j - 8 scrolls of remove curse
 k - 4 scrolls of fear
 o - 4 scrolls of enchant armour
 u - 5 scrolls of fog
 w - 4 scrolls of magic mapping
 C - a scroll of immolation
Books
 p - a manual of Fighting
Miscellaneous
 M - a sack of spiders


   Skills:
 * Level 10.0 Fighting
   Level 0.7 Maces & Flails
 * Level 10.1 Polearms
 * Level 6.2 Armour
 * Level 8.7 Dodging
 - Level 2.6 Stealth
 - Level 12.0 Evocations


You had 12 spell levels left.
You didn't know any spells.
Your spell library contained the following spells:

 Spells                   Type           Power        Failure   Level  Hunger
 Metabolic Englaciation   Hex/Ice        #.........   100%        5    N/A
 Bolt of Cold             Conj/Ice       #.........   100%        6    N/A
 Freezing Cloud           Ice/Air        #.........   100%        6    N/A
 Ozocubu's Refrigeration  Ice            #.........   100%        6    N/A
 Simulacrum               Ice/Necr       #.........   100%        6    N/A
 Ice Form                 Ice/Tmut       Unusable     N/A         4    N/A

Dungeon Overview and Level Annotations

Branches:
Dungeon (8/12)             Temple (1/1) D:5            Lair (4/6) D:8
  Swamp (0/3) Lair:4       Spider (0/3) Lair:3
    Orc: D:8-11

Altars:
Ashenzari
Cheibriados
Dithmenos
Elyvilon
Fedhas
Gozag
Hepliaklqana
Kikubaaqudgha
Lugonu
Makhleb
Nemelex Xobeh
Okawaru
Qazlal
Ru
Sif Muna
Trog
Uskayaw
Vehumet
Wu Jian
Xom
Yredelemnul
Zin
The Shining One

Shops:
D:6 (   D:8 [([(=(*%


Innate Abilities, Weirdness & Mutations

You do not eat or drink.
Your flesh is vulnerable to fire.
You are immune to poison.
You possess an exceptional clarity of mind.
Your flesh is cold resistant. (rC+)
You are immune to negative energy. (rN+++)
You are immune to unholy pain and torment.
You can survive without breathing.
You are in touch with the powers of death.


Message History

* * * LOW HITPOINT WARNING * * *
The cane toad hits you but does no damage. [a] - 231 gold - curing and magic [b] - 120 gold - heal wounds [c] - 644 gold - haste, resistance and flight Purchase which effect?
You feel much better. The cane toad hits you. The cane toad hits you!
* * * LOW HITPOINT WARNING * * *
You closely miss the cane toad. The cane toad hits you!
* * * LOW HITPOINT WARNING * * *
You slash the cane toad!
The cane toad is moderately wounded.
The cane toad barely misses you.
You barely miss the cane toad.
The cane toad is moderately wounded.
The cane toad hits you!
* * * LOW HITPOINT WARNING * * *
The cane toad hits you!
You die...
Your body crumbles into a pile of gold.

. ##+.+## .....###.#+ #..#
#.....##.....##....
##.#.##?.....#.....##....
.............##..8........
............8..#.....#..8..
...^......#.................
..........##.......8.......#
...........#Ft............##
...........@##..8..>..8..###
...........####..........#+.
...........# #...8....#.##
...........# ##......#...#
.#.......#### #.#+.#######
..#......## #....##
.....###.P# ##.....### #
.P#.##..### #...8.>.8..####
..........# ##..#.......##.+


You could see a cane toad and a crocodile.

Vanquished Creatures
  Gastronok (D:8)
  A frost giant (IceCv)
  Fannar (Lair:1)
  4 hydras
  Erica (D:8)
  A catoblepas (Lair:4)
  4 death yaks
  Urug (Lair:1)
  A lindwurm (Lair:4)
  A harpy (shapeshifter) (D:6)
  A wolf spider (Lair:3)
  2 black mambas
  A centaur zombie (D:8)
  6 elephants (Lair:2)
  An ice statue (IceCv)
  4 cane toads
  A centaur skeleton (D:7)
  5 komodo dragons
  A rime drake (Lair:4)
  16 polar bears
  A jumping spider (Lair:3)
  3 blink frogs (Lair:2)
  A tyrant leech (Lair:4)
  5 dream sheep (Lair:3)
  2 hippogriffs
  A redback (Lair:3)
  34 yaks
  Sigmund (D:2)
  A basilisk (Lair:1)
  Grum (D:8)
  2 hungry ghosts
  A steam dragon (Lair:3)
  Menkaure (D:5)
  6 water moccasins
  7 porcupines
  A sky beast (D:4)
  4 phantoms
  9 ice beasts
  A black bear (D:8)
  A necrophage (D:5)
  An eye of draining (Lair:1)
  2 centaurs
  6 ogres
  11 wolves
  11 crocodiles
  A big kobold (D:7)
  13 bullfrogs
  A wyvern skeleton (D:7)
  2 scorpions
  4 wights (D:8)
  A howler monkey (D:4)
  4 crimson imps
  4 hounds
  A jelly (D:7)
  Crazy Yiuf (D:3)
  2 orc priests
  6 orc wizards
  Terence (D:2)
  9 iguanas
  3 worker ants
  2 worker ant zombies (D:8)
  2 howler monkey skeletons
  3 gnolls (D:3)
  13 adders
  7 river rats
  A shadow imp (D:5)
  3 oozes
  An adder zombie (D:5)
  2 worms (D:2)
  A dart slug (D:2)
  6 leopard geckos
  21 orcs
  18 ball pythons
  5 bats
  4 giant cockroaches
  4 goblins (D:1)
  7 hobgoblins
  9 jackals
  14 kobolds
  3 quokkas
  5 frilled lizards
  29 rats
  A plant (Lair:4)
382 creatures vanquished.

Vanquished Creatures (others)
  5 fungi
  3 plants (Lair:3)
8 creatures vanquished.

Grand Total: 390 creatures vanquished

Notes
Turn   | Place    | Note
-------+----------+-------------------------------------------
     0 | D:1      | Chiseanne the Mummy Archaeologist began the quest for the
                  | Orb.
     0 | D:1      | Reached XP level 1. HP: 15/15 MP: 1/1
   360 | D:1      | Reached XP level 2. HP: 15/21 MP: 2/2
  1159 | D:2      | Reached XP level 3. HP: 27/27 MP: 3/3
  1279 | D:2      | Reached skill level 1 in Polearms
  1560 | D:2      | Reached XP level 4. HP: 33/33 MP: 4/4
  1568 | D:2      | Noticed Terence
  1622 | D:2      | Noticed Sigmund
  1630 | D:2      | You fall into a shaft and drop 2 floors!
  1779 | D:4      | Reached XP level 5. HP: 4/38 MP: 5/5
  2224 | D:3      | Reached skill level 5 in Polearms
  2277 | D:3      | Noticed a centaur
  2574 | D:3      | Killed a centaur
  2574 | D:3      | Reached XP level 6. HP: 18/44 MP: 6/6
  2950 | D:3      | Found a runed door.
  2954 | D:3      | Noticed Crazy Yiuf
  2958 | D:3      | Killed Crazy Yiuf
  3269 | D:2      | Found a shimmering blue altar of Sif Muna.
  3365 | D:2      | Killed Sigmund
  3417 | D:2      | Killed Terence
  3417 | D:2      | Reached XP level 7. HP: 52/52 MP: 7/7
  3542 | D:2      | Noticed an angel
  3544 | D:2      | Found a glowing silver altar of Zin.
  3545 | D:2      | Found a shimmering altar of Xom.
  4746 | D:5      | Entered Level 5 of the Dungeon
  4786 | D:5      | Identified a scroll of acquirement
  4821 | D:5      | Found a staircase to the Ecumenical Temple.
  4891 | D:5      | Noticed Menkaure
  4899 | D:5      | Killed Menkaure
  4899 | D:5      | Reached XP level 8. HP: 25/61 MP: 8/8
  5099 | D:5      | Found a glowing drain.
  5131 | Sewer    | Entered a sewer
  5335 | Sewer    | Reached skill level 5 in Fighting
  5336 | Sewer    | Reached skill level 5 in Dodging
  5451 | Temple   | Entered the Ecumenical Temple
  6096 | D:6      | Reached XP level 9. HP: 69/69 MP: 9/9
  6191 | D:6      | Found Heajiolo's Weapon Emporium.
  6207 | D:6      | Reached skill level 1 in Armour
  6241 | D:6      | Noticed a harpy
  6241 | D:6      | a hog changed into a harpy
  6248 | D:6      | Killed a harpy
  6720 | D:7      | Reached XP level 10. HP: 76/79 MP: 10/10
  6975 | D:7      | Found a basalt altar of Yredelemnul.
  7038 | D:7      | Found an opulent altar of Gozag.
  7110 | D:8      | Found Tuzaun's Antique Weapon Shoppe.
  7117 | D:8      | Noticed Erica
  7140 | D:8      | Killed Erica
  7154 | D:8      | Found a bloodstained altar of Trog.
  7296 | D:8      | Found Maimuid's Antique Weapon Shoppe.
  7307 | D:8      | Noticed Grum
  7318 | D:8      | Killed Grum
  7505 | D:8      | Found Gosoitij's Jewellery Boutique.
  7505 | D:8      | Noticed Gastronok
  7602 | D:8      | Found a staircase to the Lair.
  7683 | D:8      | Killed Gastronok
  7683 | D:8      | Reached skill level 5 in Armour
  7683 | D:8      | Reached XP level 11. HP: 48/87 MP: 11/11
  7697 | D:8      | Found Rerchaof's Assorted Antiques.
  7835 | D:8      | Bought a dented blue amulet for 110 gold pieces
  7835 | D:8      | Bought a scroll of identify for 44 gold pieces
  7869 | D:8      | Found a hide-covered altar of Uskayaw.
  7941 | D:8      | Found Zietec's Food Shop.
  7961 | D:8      | Found a stormy altar of Qazlal.
  8374 | D:7      | Became a worshipper of Gozag Ym Sagoz the Greedy
  8624 | D:8      | Found a snail-covered altar of Cheibriados.
  8627 | D:8      | Found a glowing golden altar of the Shining One.
  8852 | D:8      | Bought a heavily runed chain mail for 218 gold pieces
  8853 | D:8      | Identified the +1 chain mail of the Modern Tales {SInv}
                  | (You bought it in a shop on level 8 of the Dungeon)
  8871 | D:8      | Bought a +2 scale mail of fire resistance for 315 gold
                  | pieces
  8887 | D:8      | Bought a +2 pair of gloves of archery for 322 gold pieces
  8912 | D:8      | Bought a slimy arbalest for 285 gold pieces
  8913 | D:8      | Identified the +1 arbalest of a wizard's laboratory {venom,
                  | rPois rC- Int+3} (You bought it in a shop on level 8 of the
                  | Dungeon)
  8930 | Lair:1   | Entered Level 1 of the Lair of Beasts
  9115 | Lair:1   | Got a bloodstained long sword
  9143 | Lair:1   | Noticed Sonja
  9144 | Lair:1   | Noticed Sonja
  9144 | Lair:1   | Sonja changed into Sonja the eye of draining
  9149 | Lair:1   | Killed Sonja the eye of draining
  9196 | Lair:1   | Noticed Fannar
  9198 | Lair:1   | Noticed Urug
  9217 | Lair:1   | Killed Fannar
  9217 | Lair:1   | Reached skill level 2 in Evocations
  9218 | Lair:1   | Killed Urug
  9218 | Lair:1   | Reached skill level 3 in Evocations
  9568 | Lair:1   | Reached skill level 4 in Evocations
  9705 | Lair:1   | Noticed a six-headed hydra
  9730 | Lair:1   | Killed a one-headed hydra
  9737 | Lair:1   | Reached skill level 5 in Evocations
 10028 | Lair:1   | Identified the cursed +2 long sword of Wodinuty {freeze,
                  | +Blink rPois} (You found it on level 1 of the Lair of
                  | Beasts)
 10122 | Lair:2   | Reached XP level 12. HP: 78/96 MP: 16/16
 10256 | Lair:2   | Reached skill level 6 in Evocations
 10280 | Lair:2   | Reached skill level 7 in Evocations
 11108 | Lair:3   | Reached skill level 8 in Evocations
 11176 | Lair:3   | Found a frozen archway.
 11245 | IceCv    | Entered an ice cave
 11255 | IceCv    | Reached skill level 9 in Evocations
 11890 | IceCv    | Reached skill level 10 in Evocations
 12225 | IceCv    | Noticed a frost giant
 12247 | IceCv    | Killed a frost giant
 12247 | IceCv    | Gained mutation: You are in touch with the powers of death.
                  | [Mummy growth]
 12247 | IceCv    | Reached XP level 13. HP: 50/101 MP: 19/21
 12768 | Lair:3   | HP: 3/101 [five-headed hydra (7)]
 13166 | Lair:3   | Reached skill level 11 in Evocations
 14068 | Lair:3   | Reached skill level 12 in Evocations
 14317 | Lair:3   | Found a hole to the Spider Nest.
 14599 | Lair:4   | Reached skill level 10 in Polearms
 14908 | Lair:4   | Found a staircase to the Swamp.
 15365 | Lair:4   | Reached skill level 10 in Fighting
 15383 | Lair:4   | HP: 1/103 [cane toad (10)]
 15383 | Lair:4   | Mangled by a cane toad

Skill      XL: |  1  2  3  4  5  6  7  8  9 10 11 12 13 |
---------------+----------------------------------------+-----
Fighting       | 2 3 4 6 7 8 9 10 | 10.0
Dodging        | 3 4 5 6 7 8 |  8.7
Polearms       | 2 4 6 7 8 9 10 | 10.1
Armour         | 3 5 6 |  6.2
Evocations     | 5 10 12 | 12.0
Maces & Flails | |  0.7
Stealth        | |  2.6

Action                   |  1- 3 |  4- 6 |  7- 9 | 10-12 | 13-15 || total
-------------------------+-------+-------+-------+-------+-------++-------
Melee: Whip              |    78 |       |       |       |       ||    78
       Dagger            |    41 |    93 |       |       |       ||   134
       Short sword       |       |    67 |       |       |       ||    67
       Glaive            |       |     6 |   283 |   460 |   172 ||   921
       Scimitar          |       |       |       |     7 |    28 ||    35
 Fire: Blowgun           |       |       |       |     2 |       ||     2
Throw: Tomahawk          |       |       |     4 |       |    13 ||    17
Invok: Call Merchant     |       |       |       |     3 |       ||     3
       Potion Petition   |       |       |       |       |     2 ||     2
Evoke: Wand              |       |       |       |    15 |     4 ||    19
  Use: Scroll            |       |     3 |     8 |     8 |     3 ||    22
 Stab: Sleeping          |     6 |     3 |     9 |     3 |       ||    21
       Distracted        |       |       |       |     6 |       ||     6
Armor: Robe              |    44 |    46 |   105 |       |       ||   195
       Ring mail         |       |       |    34 |    77 |       ||   111
       Scale mail        |       |       |       |   250 |   148 ||   398
Dodge: Dodged            |    85 |   101 |   251 |   409 |   150 ||   996
